 Dungeon Crawl Stone Soup version 0.31.0-11-ge490571c62 (webtiles) character file.

Game seed: 3122439018385451084

60 ces the Sneak (level 4, -3/24 HPs)
             Began as a Kobold Enchanter on Feb 1, 2024.
             Killed from afar by Sigmund (5 damage)
             ... with a magic dart
             ... on level 2 of the Dungeon.
             The game lasted 00:02:54 (1564 turns).

ces the Sneak (Kobold Enchanter)                    Turns: 1564, Time: 00:02:54

Health: -3/24      AC:  3    Str:  5    XL:     4   Next: 25%
Magic:  1/8        EV: 15    Int: 16    God:
Gold:   85         SH:  0    Dex: 17    Spells: 6/8 levels left

rFire   . . .        a - +1 dagger
rCold   . . .        (no shield)
rNeg    . . .        b - +1 robe
rPois   .            (no helmet)
rElec   .            (no cloak)
rCorr   .            (no gloves)
SInv    .            (no boots)
Will    +....        (no amulet)
Stlth   ++++         (no ring)
HPRegen 0.24/turn    (no ring)
MPRegen 0.11/turn

%: no passive effects
@: enlightened, flying, invisible
A: small, no large weapons, nightstalker 3
a: no special abilities


You were on level 2 of the Dungeon.
You visited 1 branch of the dungeon, and saw 2 of its levels.

You collected 85 gold pieces.

Inventory:

Hand Weapons
 a - a +1 dagger (weapon)
Armour
 b - a +1 robe (worn)
Scrolls
 e - 2 scrolls of identify
 i - a scroll of fear {unknown}
 j - 2 scrolls of silence {unknown}
 k - a scroll of amnesia {unknown}
Potions
 c - 2 potions of invisibility
 h - a potion of heal wounds
 l - a potion of ambrosia {unknown}


   Skills:
 + Level 2.4 Short Blades
 + Level 3.0 Dodging
 + Level 4.6 Stealth
 + Level 2.7 Spellcasting
 + Level 3.3 Hexes
 + Level 0.4 Ice Magic


You had 6 spell levels left.
You knew the following spells:

 Your Spells              Type           Power      Damage    Failure   Level
a - Ensorcelled Hibernat  Hex/Ice        16%        N/A       14%         2

Your spell library contained the following spells:

 Spells                   Type           Power      Damage    Failure   Level
 Confusing Touch          Hex            13%        N/A       14%         3
 Tukima's Dance           Hex            13%        N/A       14%         3
 Dazzling Flash           Conj/Hex       14%        N/A       28%         3


Dungeon Overview and Level Annotations

Branches:
Dungeon (2/15)

Altars:

Annotations:
D:2 Sigmund


Innate Abilities, Weirdness & Mutations

You are small and have problems with some larger weapons.
You are completely attuned to the shadows.


Message History

The adder completely misses you.
Casting: Ensorcelled Hibernation (safe; 14% risk of failure)
Confirm with . or Enter, or press ? or * to list all spells.
Aiming: Ensorcelled Hibernation (safe; 14% risk of failure)
Press: ? - help, Shift-Dir - straight line, f/p - adder
Aim: an adder (moderately wounded, unable to see you, chance to affect: 50%)
The adder looks drowsy...
Sigmund closely misses you.
The helpless adder fails to defend itself.
You impale the adder!!
You kill the adder!
Sigmund closely misses you.
Casting: Ensorcelled Hibernation (safe; 14% risk of failure)
Confirm with . or Enter, or press ? or * to list all spells.
You don't have enough magic to cast this spell.
You hit the goblin.
The goblin is heavily wounded.
The goblin hits you with a +0 dagger.
You closely miss the goblin.
The goblin is heavily wounded.
Sigmund closely misses you. The goblin misses you.
You barely miss the goblin.
The goblin is heavily wounded.
You closely miss the goblin.
The goblin is heavily wounded.
Sigmund says, "I'm your fate."
Sigmund hits you with a +1 scythe of protection!
The goblin barely misses you.
You hit the goblin.
You kill the goblin!
Sigmund mumbles some strange words.
Sigmund flickers and vanishes!
Deactivating autopickup; reactivate with Ctrl-A.
You hear some strange, mumbled words.
A puff of flame appears from out of thin air!
The puff of flame hits you!
* * * LOW HITPOINT WARNING * * *
You see here a +0 dagger.
A magic dart appears from out of thin air!
The magic dart hits you.
You die...

...... ##.#.#. #..)....
##.#.#.#. #.........
##.#.#.#.#. #..$........
######.#.#.#.#.#
#.{.)@..........
$..####.#.#.#.#.#
.......... #.........#
........
#.........###.....
...... #.........#
#..... ###...###
.#.......#..##.....
##.......#
#........##..##.....
##..#...... #.......##
........
#..##.#..#.#.#.....#####
#.......


There were no monsters in sight!

Vanquished Creatures
  2 adders (D:2)
  A dart slug (D:1)
  2 bats
  3 endoplasms (D:1)
  A giant cockroach (D:1)
  4 hobgoblins
  6 jackals (D:2)
  A quokka (D:1)
  7 ball pythons
  A frilled lizard (D:1)
  4 goblins
  2 kobolds
  4 rats
38 creatures vanquished.

Notes
Turn   | Place    | Note
-------+----------+-------------------------------------------
     0 | D:1      | ces the Kobold Enchanter began the quest for the Orb.
     0 | D:1      | Reached XP level 1. HP: 10/10 MP: 3/3
   306 | D:1      | Reached XP level 2. HP: 15/15 MP: 5/5
   546 | D:1      | Learned a level 2 spell: Ensorcelled Hibernation
  1243 | D:1      | Reached XP level 3. HP: 19/19 MP: 6/6
  1536 | D:2      | Reached XP level 4. HP: 21/24 MP: 7/7
  1541 | D:2      | Noticed Sigmund
  1564 | D:2      | Killed from afar by Sigmund

Illustrated notes

Levels and vault maps discovered:
D:1:      lightli_iron_boxes, layout_basic, minivault_5, minmay_pentomino_p4
D:2:      layout_rooms, st_stairs_10, uniq_sigmund

Skill      XL: |  1  2  3 |
---------------+----------+-----
Short Blades   | 2 |  2.4
Dodging        | 3 |  3.0
Stealth        | |  4.6
Spellcasting   | |  2.7
Hexes          | |  3.3
Ice Magic      | |  0.4

Action                     |  1- 3 |  4- 6 || total
---------------------------+-------+-------++-------
  Melee: Dagger            |    60 |     9 ||    69
   Cast: Ensorcelled Hiber |     1 |     4 ||     5
    Use: Potion            |       |     4 ||     4
         Scroll            |       |     2 ||     2
   Stab: Sleeping          |    27 |     2 ||    29
 Armour: Robe              |     8 |    11 ||    19
  Dodge: Dodged            |    21 |    23 ||    44
